 Dungeon Crawl Stone Soup version 0.24.0-125-gc4c63601f3 (webtiles) character file.

Game seed: 10063569572487324343, levelgen mode: deterministic

586 GreyFruit the Chopper (level 7, -16/61 HPs)
             Began as a Hill Orc Monk on Feb 26, 2020.
             Was a Believer of Beogh.
             Demolished by an ogre
             ... wielding a +0 giant club
              (28 damage)
             ... on level 5 of the Dungeon.
             The game lasted 00:10:17 (6063 turns).

GreyFruit the Chopper (Hill Orc Monk)               Turns: 6063, Time: 00:10:18

Health: -16/61     AC: 16    Str: 19    XL:     7   Next: 37%
Magic:  7/7        EV:  7    Int: 10    God:    Beogh [**....]
Gold:   234        SH:  0    Dex: 13    Spells: 6/6 levels left

rFire    . . .     SeeInvis .   a - +1 hand axe
rCold    . . .     Gourm    .   (no shield)
rNeg     . . .     Faith    .   n - +1 plate armour
rPois    .         Spirit   .   y - +1 helmet
rElec    .         Reflect  .   (no cloak)
rCorr    +         Harm     +   u - +0 pair of gloves {Str+3}
MR       .....                  (no boots)
Stlth    ..........             w - amulet of harm
HPRegen  0.20/turn              s - ring of resist corrosion
MPRegen  0.10/turn              (no ring)

@: no status effects
A: no striking features
a: Smiting, Renounce Religion


You were on level 5 of the Dungeon.
You worshipped Beogh.
Beogh was pleased with you.
You were not hungry.

You visited 1 branch of the dungeon, and saw 5 of its levels.

You collected 234 gold pieces.

Inventory:

Hand Weapons
 a - a +1 hand axe (weapon)
Missiles
 o - 3 boomerangs (quivered)
 q - a throwing net
Armour
 b - a +0 robe
 i - a +0 leather armour
 n - a +1 plate armour (worn)
 u - a +0 pair of gloves of strength (worn)
 y - a +1 helmet (worn)
Jewellery
 s - a ring of resist corrosion (left hand)
 w - an amulet of harm (around neck)
Wands
 j - a wand of enslavement (13)
 v - a wand of paralysis (5)
Scrolls
 d - 4 scrolls of random uselessness
 e - 2 scrolls of enchant armour
 f - a scroll of enchant weapon
 k - a scroll of identify
 l - 2 scrolls of remove curse
 m - a scroll of amnesia
 p - a scroll of teleportation {unknown}
 x - a scroll of immolation {unknown}
Potions
 g - a potion of might {unknown}
 h - 3 potions of cancellation {unknown}
 r - a potion of mutation {unknown}
 t - a potion of degeneration {unknown}
Comestibles
 c - 11 rations


   Skills:
 + Level 5.5 Fighting
 + Level 7.8 Axes
 + Level 4.0 Armour
 + Level 3.0 Dodging
 - Level 1.6 Stealth


You had 6 spell levels left.
You didn't know any spells.
Your spell library contained the following spells:

 Spells                   Type           Power        Failure   Level  Hunger
 Summon Butterflies       Summ           #.......     100%        1    ##.....
 Ignite Poison            Fire/Tmut/Pois #.......     100%        3    ####...
 Recall                   Summ/Tloc      N/A          100%        3    ####...
 Summon Guardian Golem    Hex/Summ       #.......     100%        3    ####...
 Sticky Flame             Conj/Fire      #.......     100%        4    #####..
 Summon Ice Beast         Ice/Summ       #.......     100%        4    #####..


Dungeon Overview and Level Annotations

Branches:
Dungeon (5/15)             Temple (0/1) D:5

Altars:
Cheibriados
Fedhas
Gozag
Makhleb
Ru
Uskayaw
Vehumet
Xom
Yredelemnul
Zin


Message History

You are too injured to fight recklessly!
You are too injured to fight recklessly!
You are too injured to fight recklessly!
You are too injured to fight recklessly!
You are too injured to fight recklessly!
You are too injured to fight recklessly!
You closely miss the ogre.
The ogre is heavily wounded.
You hit the water moccasin zombie.
You destroy the water moccasin zombie!
Beogh accepts your kill.
Your Armour skill increases to level 4!
You hit the ogre.
The ogre is heavily wounded.
The ogre hits you with a +0 giant club!
* * * LOW HITPOINT WARNING * * *
You slash the ogre!
The ogre is almost dead.
The ogre hits you with a +0 giant club!!
You die...

#.# .# #.# #.# #.#
###.### #.# #.....
#.###.#.#####
#.##........####
#.##.[#.###....#..
#..........O......
########.#..#...@...#
............#####$#.#
########.#...... .(%
#.#.##### ...# #.#.#
...# #.#.. .... #.#.#
...?# #.# ....# .#


You could see an ogre.

Vanquished Creatures
  2 phantoms
  2 ogres
  A water moccasin zombie (D:5)
  A scorpion (D:3)
  3 gnolls
  4 adders
  3 worms
  2 dart slugs
  5 leopard geckos
  6 orcs
  A ball python (D:1)
  5 bats
  A giant cockroach (D:3)
  11 goblins
  8 hobgoblins
  3 jackals (D:4)
  4 frilled lizards
  5 kobolds
  A leopard gecko skeleton (D:4)
  10 rats
78 creatures vanquished.

Vanquished Creatures (others)
  An orc priest (D:4)
  An iguana (D:4)
  A gnoll (D:4)
  2 orcs (D:4)
5 creatures vanquished.

Grand Total: 83 creatures vanquished

Notes
Turn   | Place    | Note
-------+----------+-------------------------------------------
     0 | D:1      | GreyFruit the Hill Orc Monk began the quest for the Orb.
     0 | D:1      | Reached XP level 1. HP: 19/19 MP: 1/1
   114 | D:1      | Reached XP level 2. HP: 27/27 MP: 2/2
   834 | D:1      | Reached XP level 3. HP: 29/33 MP: 3/3
  2093 | D:2      | Found a sacrificial altar of Ru.
  2093 | D:2      | Found a radiant altar of Vehumet.
  2094 | D:2      | Found a basalt altar of Yredelemnul.
  2109 | D:2      | Found a hide-covered altar of Uskayaw.
  2492 | D:2      | Reached skill level 1 in Armour
  2504 | D:2      | Reached XP level 4. HP: 29/41 MP: 4/4
  2749 | D:2      | Reached skill level 5 in Axes
  3682 | D:3      | Found an opulent altar of Gozag.
  3687 | D:3      | Noticed a phantom
  4066 | D:3      | Killed a phantom
  4066 | D:3      | Reached XP level 5. HP: 9/47 MP: 5/5
  4581 | D:3      | Found a burning altar of Makhleb.
  4713 | D:4      | Became a worshipper of Beogh the Brigand
  4713 | D:4      | Reached * piety under Beogh
  4713 | D:4      | Reached ** piety under Beogh
  4727 | D:3      | Reached XP level 6. HP: 48/55 MP: 6/6
  4882 | D:4      | Reached skill level 6 in Axes
  4905 | D:4      | Identified Sif Muna's Collected Works on Igneous Summoning
  4938 | D:4      | Found a blossoming altar of Fedhas.
  5087 | D:3      | Reached skill level 5 in Fighting
  5530 | D:4      | Found a shadowy altar of Dithmenos.
  5532 | D:4      | Found a glowing silver altar of Zin.
  5532 | D:4      | Found a shimmering altar of Xom.
  5534 | D:4      | Found a radiant altar of Vehumet.
  5534 | D:4      | Found a hide-covered altar of Uskayaw.
  5534 | D:4      | Found a snail-covered altar of Cheibriados.
  5654 | D:5      | Entered Level 5 of the Dungeon
  5654 | D:5      | Noticed a phantom
  5662 | D:5      | Reached XP level 7. HP: 33/61 MP: 7/7
  5665 | D:5      | Reached skill level 7 in Axes
  5880 | D:5      | Found a staircase to the Ecumenical Temple.
  6063 | D:5      | Demolished by an ogre

Levels and vault maps discovered:
D:1:      eino_arrival_cavern_d, layout_loops_cross
D:2:      minmay_razor_zed, layout_basic, nicolae_overflow_quartered_altars
D:3:      layout_loops_ring, lightli_temple_of_fire, grunt_gozag_statues,
          first_ration, minmay_misc_feat_roman
D:4:      layout_rooms, fedhas_altar_1, doesnt_xom_only_xom
D:5:      layout_loops_ring, minmay_temple_entry_grid, uniq_prince_ribbit1

Skill      XL: |  1  2  3  4  5  6  7 |
---------------+----------------------+-----
Fighting       | 4 5 |  5.5
Armour         | 1 2 3 4 |  4.0
Axes           | 5 6 7 |  7.8
Dodging        | 3 |  3.0
Stealth        | |  1.6

Action                   |  1- 3 |  4- 6 |  7- 9 || total
-------------------------+-------+-------+-------++-------
Melee: Hand axe          |   133 |   269 |    21 ||   423
Invok: Convert to Beogh  |       |     1 |       ||     1
  Use: Scroll            |       |     6 |       ||     6
       Potion            |       |     2 |       ||     2
 Stab: Sleeping          |     2 |       |       ||     2
  Eat: Chunk             |     5 |     6 |       ||    11
       Ration            |       |     1 |     1 ||     2
Armor: Robe              |     6 |       |       ||     6
       Leather armour    |     9 |       |       ||     9
       Plate armour      |    24 |   168 |     8 ||   200
Dodge: Dodged            |    85 |    60 |    15 ||   160
